 Dungeon Sprint DCSS version 0.31.0-12-g77e489cdc1 (webtiles) character file.

Game seed: 7097130231991110433

385 Buffagor the Martial Artist (level 6, -7/52 HPs)
             Began as a Demonspawn Shapeshifter on Feb 20, 2024.
             Mangled by a troll (10 damage)
             ... in the Dungeon (Sprint IX: "|||||||||||||||||||||||||||||").
             The game lasted 00:02:21 (260 turns).

Buffagor the Martial Artist (DsSh)                   Turns: 260, Time: 00:02:22

Health: -7/52      AC:  4    Str: 14    XL:     6   Next: 48%
Magic:  6/6        EV: 15    Int: 10    God:
Gold:   0          SH:  0    Dex: 18    Spells: 5/5 levels left

rFire   . .          .
                       - Unarmed
rCold   . . .        (no shield)
rNeg    . . .        a - +0 animal skin
rPois   .            (helmet currently unavailable)
rElec   .            (cloak currently unavailable)
rCorr   .            (gloves currently unavailable)
SInv    .            m - melded +0 pair of boots
Will    .....        (no amulet)
Stlth   ++           n - +2 ring of protection
HPRegen 0.28/turn    o - +3 ring of dexterity
MPRegen 0.10/turn

%: no teleportation
@: beast-form, hasted, very quick
A: beast (slay +3), antennae 1, demonic guardian 1, foul stench 1
a: Begin Untransformation


You were in the Dungeon.
You were a hulking beast.
You visited 1 branch

Inventory:

Armour
 a - a +0 animal skin (worn)
 m - a +0 pair of boots (melded)
Jewellery
 n - a +2 ring of protection (left hand)
 o - a +3 ring of dexterity (right hand)
Talismans
 c - a beast talisman (active)
 d - a flux talisman
Wands
 l - a wand of roots (10)
Scrolls
 j - 2 scrolls of blinking
 k - 2 scrolls of amnesia
Potions
 b - a potion of lignification
 e - 5 potions of curing
 f - 3 potions of heal wounds
 h - 4 potions of magic
 i - a potion of invisibility


   Skills:
 + Level 6.2 Fighting
 + Level 5.9 Dodging
 * Level 8.6 Unarmed Combat
 + Level 5.9 Shapeshifting


You had 5 spell levels left.
You didn't know any spells.
Your spell library was empty.

Dungeon Overview and Level Annotations

Branches:
Dungeon (1/1)

Altars:
Cheibriados
Dithmenos
Fedhas
Gozag
Hepliaklqana
Kikubaaqudgha
Makhleb
Nemelex Xobeh
Okawaru
Qazlal
Ru
Sif Muna
Trog
Uskayaw
Vehumet
Wu Jian
Xom
Yredelemnul
Jiyva
Lugonu


Innate Abilities, Weirdness & Mutations

You are a hulking beast.
Your limbs bulge with bestial killing power. (Slay +3)
You have a pair of small antennae on your head.
A weak demonic guardian rushes to your aid.
You may rarely emit foul miasma when damaged in melee.


Message History

You hit the howler monkey.
The howler monkey is moderately wounded.
The howler monkey hoots and howls with incredible vigour!
You hear a shout!
You hit the howler monkey.
The howler monkey is moderately wounded.
You hit the howler monkey.
The howler monkey is heavily wounded.
The howler monkey hits you but does no damage.
You hit the howler monkey. You punch the howler monkey.
The howler monkey is almost dead.
You punch the howler monkey!
You kill the howler monkey!
Your Unarmed Combat skill increases to level 8!
You miss the kobold brigand. You hit the kobold brigand.
Your punch misses the kobold brigand.
The kobold brigand is lightly wounded.
The kobold brigand closely misses you.
You closely miss the kobold brigand.
The kobold brigand is lightly wounded.
The kobold brigand hits you but does no damage.
You hit the kobold brigand.
The kobold brigand is moderately wounded.
You hit the kobold brigand.
The kobold brigand is heavily wounded.
The kobold brigand closely misses you.
You punch the kobold brigand!
The kobold brigand is severely wounded.
You hit the kobold brigand.
The kobold brigand is severely wounded.
The kobold brigand hits you with a +0 whip.
You punch the kobold brigand!
You kill the kobold brigand!
Your Fighting skill increases to level 6!
The troll bites you!
* * * LOW HITPOINT WARNING * * *
The troll claws you.
* * * LOW HITPOINT WARNING * * *
The troll claws you!
You die...

▓+▓
▓.▓
▓.▓
▓c▓
▓T▓
▓h▓
▓[▓
▓)▓
▓.▓
▓.▓
▓[▓
▓[▓
▓.▓
▓.▓


You could see a troll and a centaur.

Vanquished Creatures
  A steam dragon (D)
  A kobold brigand (D)
  A howler monkey (D)
  2 hounds (D)
  An orc wizard (D)
  A sleepcap (D)
  An iguana (D)
  An orc (D)
  A giant cockroach (D)
  2 hobgoblins (D)
  A frilled lizard (D)
  A rat (D)
14 creatures vanquished.

Notes
Turn   | Place    | Note
-------+----------+-------------------------------------------
     0 | D        | Buffagor the Demonspawn Shapeshifter began the quest for
                  | the Orb.
     0 | D        | Reached XP level 1. HP: 15/15 MP: 1/1
    12 | D        | Reached skill level 3 in Unarmed Combat
    77 | D        | Noticed a sleepcap
    77 | D        | Noticed a hound
    77 | D        | Noticed a hound
    77 | D        | Noticed an iguana
    81 | D        | Killed an iguana
    82 | D        | Reached skill level 4 in Unarmed Combat
    82 | D        | Gained mutation: You have a pair of small antennae on your
                  | head. [demonic ancestry]
    82 | D        | Reached XP level 2. HP: 22/23 MP: 2/2
    82 | D        | Gained mutation: You may rarely emit foul miasma when
                  | damaged in melee. [demonic ancestry]
    82 | D        | Reached XP level 3. HP: 28/28 MP: 3/3
    90 | D        | Reached skill level 5 in Unarmed Combat
    96 | D        | Gained mutation: A weak demonic guardian rushes to your
                  | aid. [demonic ancestry]
    96 | D        | Reached XP level 4. HP: 23/37 MP: 4/4
   100 | D        | Reached skill level 6 in Unarmed Combat
   171 | D        | Found a snail-covered altar of Cheibriados.
   171 | D        | Found a shadowy altar of Dithmenos.
   171 | D        | Found a blossoming altar of Fedhas.
   171 | D        | Found an opulent altar of Gozag.
   172 | D        | Found a hazy altar of Hepliaklqana.
   173 | D        | Found a viscous altar of Jiyva.
   174 | D        | Found an ancient bone altar of Kikubaaqudgha.
   175 | D        | Found a corrupted altar of Lugonu.
   176 | D        | Found a burning altar of Makhleb.
   177 | D        | Found a sparkling altar of Nemelex Xobeh.
   178 | D        | Found an iron altar of Okawaru.
   179 | D        | Found a stormy altar of Qazlal.
   180 | D        | Found a sacrificial altar of Ru.
   181 | D        | Found a shimmering blue altar of Sif Muna.
   182 | D        | Found a bloodstained altar of Trog.
   183 | D        | Found a hide-covered altar of Uskayaw.
   184 | D        | Found a radiant altar of Vehumet.
   185 | D        | Found an ornate altar of the Wu Jian Council.
   186 | D        | Found a shimmering altar of Xom.
   187 | D        | Found a basalt altar of Yredelemnul.
   230 | D        | Noticed a troll
   230 | D        | Noticed a centaur
   230 | D        | Noticed a kobold brigand
   230 | D        | Noticed a steam dragon
   237 | D        | Reached XP level 5. HP: 35/43 MP: 5/5
   245 | D        | Killed a steam dragon
   246 | D        | Reached skill level 5 in Fighting
   246 | D        | Reached skill level 5 in Dodging
   246 | D        | Reached skill level 7 in Unarmed Combat
   246 | D        | Reached skill level 5 in Shapeshifting
   246 | D        | Reached XP level 6. HP: 18/51 MP: 6/6
   252 | D        | Reached skill level 8 in Unarmed Combat
   260 | D        | Mangled by a troll

Illustrated notes

Levels and vault maps discovered:
D:        linesprint [early_d, line_temple, items_1, d_10, items_2, lair_1,
          lair_end, items_3, orc_1, orc_end, items_4, d_15, swamp_1, shoals_1,
          snake_1, spider_1, d_20, vaults_1, items_5, swamp_end, shoals_end,
          snake_end, spider_end, vaults_end, d_27, items_6, zot_1, zot_end,
          crypt_end, forest_end, elf_end, slime_end, tomb_end, abyss_end,
          pan_hell_end]

Skill      XL: |  1  2  3  4  5  6 |
---------------+-------------------+-----
Dodging        | 3 4 5 |  5.9
Unarmed Combat | 4 5 6 7 8 |  8.6
Shapeshifting  | 3 4 5 |  5.9
Fighting       | 2 3 4 5 6 |  6.2

Action                     |  1- 3 |  4- 6 || total
---------------------------+-------+-------++-------
  Melee: Unarmed           |    35 |    29 ||    64
         Punch             |       |     2 ||     2
Ability: Begin Untransform |       |     1 ||     1
    Use: Potion            |     1 |     1 ||     2
 Armour: Animal skin       |    14 |    15 ||    29
  Dodge: Dodged            |    13 |    13 ||    26
   Form: Beast             |       |     1 ||     1
